 Dungeon Crawl Stone Soup version 0.28-a0-845-gfc338a8e3c (webtiles) character file.

Game seed: 14640261820418093483

98 Sweebthomas the Ducker (level 4, 0/27 HPs)
             Began as a Tengu Gladiator on Nov 12, 2021.
             Killed by divine providence
             ... invoked by an orc priest
              (12 damage)
             ... on level 3 of the Dungeon.
             The game lasted 00:02:28 (2145 turns).

Sweebthomas the Ducker (Tengu Gladiator)            Turns: 2145, Time: 00:02:28

Health: 0/27       AC:  3    Str: 14    XL:     4   Next: 69%
Magic:  5/5        EV: 13    Int:  9    God:
Gold:   33         SH:  0    Dex: 16    Spells: 3/3 levels left

rFire   . . .      SeeInvis .   a - +0 long sword
rCold   . . .      Faith    .   (no shield)
rNeg    . . .      Spirit   .   b - +0 leather armour
rPois   .          Reflect  .   c - +0 hat
rElec   .          Harm     .   (no cloak)
rCorr   .          Rampage  .   (no gloves)
Will    .....                   (boots unavailable)
Stlth   ++........              (no amulet)
HPRegen 0.09/turn               (no ring)
MPRegen 0.09/turn               (no ring)

@: no status effects
A: beak, talons 3
a: no special abilities


You were on level 3 of the Dungeon.
You visited 1 branch of the dungeon, and saw 3 of its levels.

You collected 33 gold pieces.

Inventory:

Hand Weapons
 a - a +0 long sword (weapon)
Missiles
 d - a throwing net (quivered)
Armour
 b - a +0 leather armour (worn)
 c - a +0 hat (worn)
Jewellery
 o - a ring of resist corrosion
 p - a ring of ice
 q - a ring of positive energy
Scrolls
 g - a scroll of blinking {unknown}
 k - a scroll of fog {unknown}
 l - 2 scrolls of amnesia {unknown}
 n - a scroll of enchant armour {unknown}
Potions
 h - a potion of flight {unknown}
 i - 3 potions of curing
 j - a potion of ambrosia
 m - a potion of mutation {unknown}


   Skills:
 + Level 2.6 Fighting
 + Level 1.7(3.1) Short Blades
 + Level 3.9(4.1) Long Blades
 - Level 2.0 Throwing
 + Level 3.9 Dodging
 + Level 1.8 Stealth


You had 3 spell levels left.
You didn't know any spells.
Your spell library contained the following spells:

 Spells                   Type           Power      Damage    Failure   Level
 Freeze                   Ice            0%         1d3       45%         1
 Frozen Ramparts          Ice            0%         1d2       83%         3
 Hailstorm                Conj/Ice       0%         3d3       99%         4


Dungeon Overview and Level Annotations

Branches:
Dungeon (3/15)

Altars:

Shops:
D:2 :


Innate Abilities, Weirdness & Mutations

You have a beak for a mouth.
You have claws for feet.


Message History

The orc barely misses you. The orc hits you with a +0 hand axe.
The orc wizard shouts!
You hit the orc.
You kill the orc!
The orc priest calls down the wrath of Beogh upon you.
Pain shoots through your body!
The orc wizard points at you and mumbles some strange words.
The puff of flame hits you.
* * * LOW HITPOINT WARNING * * *
Okay, then.
You feel much better.
The orc wizard points at you and mumbles some strange words.
The magic dart hits you!
The orc wizard gestures wildly while chanting.
The orc wizard flickers and vanishes!
Deactivating autopickup; reactivate with Ctrl-A.
Things that are here:
a +0 dagger; a goblin corpse Throw: 3 throwing nets
Press: ? - help, Q - select action Shift-Dir - straight line, f - orc priest
Aim: an orc priest, wielding a +0 whip (62% to hit)
You throw a throwing net.
The throwing net closely misses the orc priest.
The throwing net closely misses the rat.
You barely miss the orc priest. The orc priest misses you.
You hit the orc priest but do no damage.
Your kick misses the orc priest. The orc priest hits you with a +0 whip.
The orc priest barely misses you.
Throw: 2 throwing nets
Press: ? - help, Q - select action Shift-Dir - straight line, f/p - orc priest
Aim: an orc priest, wielding a +0 whip (62% to hit)
You throw a throwing net. The throwing net hits the orc priest.
The orc priest is caught in the net!
Unknown command.
You barely miss the orc priest. You claw the orc priest.
You peck the orc priest.
The orc priest is moderately wounded.
The orc priest calls down the wrath of Beogh upon you.
Beogh smites you!
You die...

#..≈≈≈≈..# #......
#..≈.≈≈..# #.)##.. ##
##.≈≈.≈.## #..###. #.#
#≈.≈.≈≈# #..##.. ...#
#.≈≈≈≈.# #..##.. ....#
#.≈≈†≈≈# #..##..
.....## #.†≈≈≈##
###....
.......#####.≈≈≈≈≈##
##.#.
.......#(ro@≈≈≈≈≈≈≈#
#.#<
.........###(.≈≈≈≈≈≈#
####
......)o.....≈.≈≈≈≈≈≈≈
............#...#######
...........######
............#
..............
.....$.......#.
...........#.#


You could see an orc priest (caught) and a rat.

Vanquished Creatures
  Jessica (D:2)
  2 adders (D:2)
  An adder skeleton (D:2)
  2 dart slugs
  A worm (D:2)
  An orc (D:3)
  4 endoplasms
  3 giant cockroaches (D:1)
  3 goblins
  4 hobgoblins
  4 kobolds
  4 quokkas
  4 ball pythons (D:1)
  3 bats
  A frilled lizard (D:2)
  4 rats (D:1)
42 creatures vanquished.

Notes
Turn   | Place    | Note
-------+----------+-------------------------------------------
     0 | D:1      | Sweebthomas the Tengu Gladiator began the quest for the
                  | Orb.
     0 | D:1      | Reached XP level 1. HP: 12/12 MP: 2/2
   311 | D:1      | Reached XP level 2. HP: 17/17 MP: 3/3
   621 | D:1      | Reached skill level 1 in Stealth
   863 | D:1      | Reached skill level 1 in Short Blades
   909 | D:2      | Reached XP level 3. HP: 21/21 MP: 4/4
  1073 | D:2      | Found Notam's Book Shoppe.
  1325 | D:2      | Found a faded altar of an unknown god.
  1661 | D:2      | Noticed Jessica
  1665 | D:2      | Killed Jessica
  1666 | D:2      | Reached XP level 4. HP: 27/27 MP: 5/5
  2145 | D:3      | Killed from afar by an orc priest

Illustrated notes

Levels and vault maps discovered:
D:1:      minmay_arrival_jagged, layout_loops_ring, chequers_avenue,
          minmay_worlds_worst_comb
D:2:      layout_basic, basic_ecumenical_altar, serial_shops, shop, uniq_jessica
D:3:      layout_basic, chequers_serial_rivers_large_a

Skill      XL: |  1  2 |
---------------+-------+-----
Stealth        | 1 |  1.8
Short Blades   | 1 |  1.7
Fighting       | |  2.6
Long Blades    | |  3.9
Throwing       | |  2.0
Dodging        | |  3.9

Action                   |  1- 3 |  4- 6 || total
-------------------------+-------+-------++-------
Melee: Long sword        |    57 |    34 ||    91
       Kick              |    16 |     9 ||    25
       Peck              |     4 |     7 ||    11
Throw: Throwing net      |       |     2 ||     2
  Use: Scroll            |       |     3 ||     3
       Potion            |       |     1 ||     1
Armor: Leather armour    |    11 |     5 ||    16
Dodge: Dodged            |    33 |    25 ||    58

Table legend: (Time is in decaauts)
 A = Elapsed time spent in this place.
 B = Non-inter-level travel time spent in this place.
 C = Inter-level travel time spent in this place.
 D = Time resting spent in this place.
 E = Time spent auto-exploring this place.
 F = Levels seen in this place.
 G = Mean time per level.
                   A        B        C        D        E       F      G
               +--------+--------+--------+--------+--------+-----+--------+
         Total |   2167 |   2137 |     30 |    393 |   1453 |   3 |  722.3 |
       Dungeon |   2167 |   2137 |     30 |    393 |   1453 |   3 |  722.3 |
               +--------+--------+--------+--------+--------+-----+--------+

Top non-repeatable levels by time:
     D:2: 1165 daAuts
     D:1: 884 daAuts
     D:3: 117 daAuts
